 Dungeon Crawl Stone Soup version 0.19.5 (webtiles) character file.

78285 Bingowings the Bludgeoner (level 15, -5/100 HPs)
             Began as a Gargoyle Berserker on May 12, 2017.
             Was an Elder of Trog.
             Slain by an orc warrior
             ... wielding a +2 battleaxe of distortion
              (23 damage)
             ... on level 2 of the Orcish Mines.
             The game lasted 01:09:52 (17663 turns).

Bingowings the Bludgeoner (Gargoyle Berserker)     Turns: 17663, Time: 01:09:52

Health: -5/100     AC: 34    Str: 29    XL:     15   Next: 59%
Magic:  16/16      EV: 10    Int:  8    God:    Trog [****..]
Gold:   1448       SH:  0    Dex:  9    Spells: 0 memorised, 16 levels left

rFire  . . .     SeeInvis .     B - +3 dire flail (crush)
rCold  + . .     Gourm    .     D - +2 plate armour
rNeg   + . .     Faith    .     (shield currently unavailable)
rPois  ∞         Spirit   .     (helmet restricted)
rElec  +         Reflect  .     e - +0 cloak
rCorr  .         Harm     .     (no gloves)
MR     +....                    K - +2 pair of boots {Fly}
Stlth  ..........               (no amulet)
                                (no ring)
                                g - ring of protection from cold

@: flying, studying Slings
A: antennae 1, big wings, beak, negative energy resistance 1, electricity
resistance, strong 1, wild magic 1, unbreathing, petrification resistance, rot
immunity, AC +11
a: Stop Flying, Berserk, Trog's Hand, Brothers in Arms, Burn Spellbooks,
Renounce Religion


You were on level 2 of the Orcish Mines.
You worshipped Trog.
Trog was greatly pleased with you.
You were full.

You visited 3 branches of the dungeon, and saw 18 of its levels.
You also visited: Labyrinth.

You collected 1448 gold pieces.

Inventory:

Hand Weapons
 B - a +3 dire flail of crushing (weapon)
 C - a +2 dire flail of holy wrath
 F - a +4 antimagic glaive
Armour
 e - a +0 cloak (worn)
 h - a +0 helmet
 D - a +2 plate armour (worn)
 K - a +2 pair of boots of flying (worn)
Jewellery
 f - a cursed ring of teleportation
 g - a ring of protection from cold (left hand)
 x - an uncursed ring of flight {unknown}
 O - a +4 ring of evasion {unknown}
 T - an uncursed amulet of faith {unknown}
 U - an uncursed ring of fire {unknown}
 W - an uncursed amulet of guardian spirit {unknown}
Wands
 a - a wand of enslavement (9/24)
 i - a wand of polymorph (6/24)
 l - a wand of lightning (2/15)
 m - a wand of lightning (6/15)
 y - a wand of flame (21/48)
 z - a wand of random effects (38/48)
 E - a wand of digging (15/24)
 G - a wand of disintegration (14/24)
 J - a wand of flame (20/48)
 M - a wand of iceblast (7/15)
 S - a wand of acid (8/15)
 V - a wand of acid (7/15)
Scrolls
 d - 2 scrolls of teleportation
 j - 8 scrolls of remove curse
 t - 3 scrolls of fog
 A - 4 scrolls of magic mapping
Potions
 b - a potion of invisibility
 o - a potion of haste
 p - 4 potions of agility
 r - 2 potions of berserk rage
 u - 3 potions of flight
 v - a potion of lignification
 w - 2 potions of might
 I - 2 potions of cancellation {unknown}
 N - a potion of brilliance {unknown}
 Z - a potion of ambrosia
Books
 k - a manual of Slings
Comestibles
 c - 10 meat rations
 s - 9 bread rations


   Skills:
 + Level 14.0 Fighting
   Level 1.4 Long Blades
 + Level 15.9 Maces & Flails
 + Level 3.5 Polearms
 + Level 1.1 Throwing
 + Level 14.1 Armour
 + Level 4.9 Dodging
 + Level 3.1 Stealth
   Level 2.1 Shields
 + Level 1.5 Unarmed Combat
 + Level 1.1 Spellcasting
 + Level 1.1 Evocations


You had 16 spell levels left.
You didn't know any spells.

Dungeon Overview and Level Annotations

Branches:
Dungeon (10/15)            Temple (0/1) D:6            Lair (6/6) D:10
 Shoals (0/4) Lair:2       Spider (0/4) Lair:2        Slime (0/5) Lair:5
    Orc (2/2) D:9             Elf (0/3) Orc:2

Altars:
Dithmenos
Fedhas
Kikubaaqudgha
Makhleb
Okawaru
Ru
Sif Muna
Beogh

Shops:
D:5 =

Portals:
Hell: Lair:6


Innate Abilities, Weirdness & Mutations

You are resistant to torment.
Your stone body is resilient. (AC +11)
You are immune to poison.
Your large and strong wings let you fly indefinitely.
You resist negative energy. (rN+)
You are resistant to electric shocks. (rElec)
You can survive without breathing.
You are immune to petrification.
You are immune to rotting.
You have a pair of small antennae on your head.
You have a beak for a mouth.
Your muscles are strong. (Str +2)
Your spells are a little harder to cast, but a little more powerful.


Message History

Space warps horribly around you!
* * * LOW HITPOINT WARNING * * *
You closely miss the orc warrior.
The orc priest hits you but does no damage. x2
You barely miss the orc priest.
The orc priest hits you but does no damage.
You hit the orc priest.
You peck the orc priest, but do no damage.
The orc priest is lightly wounded.
The orc warrior barely misses you. The orc priest barely misses you.
The orc priest hits you but does no damage. x2
You sock the orc priest! You peck the orc priest.
You kill the orc priest!
Trog accepts your kill.
You hear two shouts!
You puncture the orc priest!
The orc priest is almost dead.
The orc warrior hits you but does no damage.
Space warps horribly around you!
You die...

# ... #
..... ..
.#..>. ..
....... ..
####.......
##.#........
#...oo......
#..@o.......
##.#{#......
#(.)........
##.[.)......
#...#......
##.........
##........
##......#
##..###


You could see an orc warrior and 2 orc priests.

Vanquished Creatures
  The ghost of DasRunzen the Archer, a journeyman DgWn (Lair:6)
  A dire elephant (Lair:6)
  Snorg (Orc:2)
  A minotaur (Lab)
  A hell beast (Lair:6)
  5 hydras
  4 death yaks
  A wizard (Lair:6)
  An orc knight (Orc:2)
  2 orc sorcerers (Orc:2)
  8 elephants
  3 orange demons (Lair:6)
  6 black mambas
  The ghost of Agorwal the Cleaver, a novice MiCK of Xom (D:6)
  5 rime drakes
  18 spiny frogs
  The ghost of Ge0ff the Shooter, a novice HEAM (D:5)
  2 ice devils (Lair:6)
  9 komodo dragons
  A hellwing (Lair:6)
  2 polar bears
  3 trolls
  3 blink frogs (Lair:2)
  The ghost of Sanvar the Slinger, an amateur HaHu (D:4)
  7 dream sheep (Lair:6)
  4 hippogriffs
  A wraith (D:10)
  41 yaks
  A hungry ghost (D:8)
  Edmund (D:4)
  14 water moccasins
  2 black bears
  Duvessa (D:7)
  An ice beast (D:8)
  6 porcupines
  4 sky beasts
  8 orc warriors
  9 wolves (Lair:6)
  An eye of draining (D:7)
  9 ogres
  9 centaurs
  14 crocodiles
  2 big kobolds (D:8)
  8 bullfrogs
  Dowan (D:7)
  A wyvern skeleton (D:10)
  A scorpion (D:6)
  9 killer bees
  10 wights (D:9)
  7 howler monkeys
  An electric eel (Lair:4)
  2 bullfrog zombies
  A centaur zombie (D:5)
  2 crimson imps
  A jelly (D:10)
  11 orc priests
  3 bullfrog skeletons
  2 centaur skeletons
  6 hounds
  4 iguanas
  Terence (D:2)
  25 orc wizards
  5 worker ants
  A hound zombie (D:7)
  2 hound skeletons
  Robin (D:4)
  9 gnolls
  11 adders
  A shadow imp (D:9)
  An ooze (D:6)
  An adder zombie (D:7)
  5 worms
  2 dart slugs
  4 leopard geckos
  50 orcs
  5 ball pythons
  8 bats
  7 giant cockroaches
  17 goblins
  14 hobgoblins
  16 jackals
  15 kobolds
  6 quokkas
  3 frilled lizards (D:2)
  A jackal zombie (D:5)
  A leopard gecko skeleton (D:6)
  A quokka skeleton (D:4)
  A quokka zombie (D:5)
  12 rats
  A plant (Lair:3)
513 creatures vanquished.

Vanquished Creatures (collateral kills)
  8 death yaks
  An orc sorcerer (Orc:2)
  2 oklob plants (Lair:5)
  7 elephants
  An orange demon (Lair:6)
  A spiny frog (Lair:2)
  A rime drake (Lair:3)
  A komodo dragon (Lair:3)
  An ice devil (Lair:6)
  3 yaks (Lair:3)
  A hell hound (Lair:6)
  A wolf (Lair:3)
  A crocodile (Lair:3)
  A bullfrog (Lair:5)
  An electric eel (Lair:4)
  2 orc priests (Orc:2)
  An orc wizard (Orc:2)
  An iguana (Lair:3)
  An orc (Orc:2)
36 creatures vanquished.

Vanquished Creatures (others)
  A sky beast (D:5)
  An orc priest (Orc:2)
  2 orcs (D:5)
  14 fungi
  3 plants
21 creatures vanquished.

Grand Total: 570 creatures vanquished

Notes
Turn   | Place    | Note
-------+----------+-------------------------------------------
     0 | D:1      | Bingowings the Gargoyle Berserker began the quest for the Orb.
     0 | D:1      | Reached XP level 1. HP: 14/14 MP: 1/1
   138 | D:1      | Reached XP level 2. HP: 18/19 MP: 2/2
   778 | D:2      | Noticed Terence
   801 | D:2      | Reached XP level 3. HP: 21/24 MP: 3/3
   809 | D:2      | HP: 1/24 [gnoll/spear (6)]
   818 | D:2      | Reached XP level 4. HP: 29/29 MP: 4/4
   827 | D:2      | Killed Terence
   827 | D:2      | Reached skill level 4 in Maces & Flails
  1068 | D:2      | Reached ** piety under Trog
  1212 | D:2      | Reached XP level 5. HP: 33/33 MP: 5/5
  1872 | D:3      | Found a blossoming altar of Fedhas.
  2363 | D:4      | Reached *** piety under Trog
  2493 | D:4      | Noticed Robin
  2519 | D:4      | Killed Robin
  2522 | D:4      | Reached XP level 6. HP: 21/39 MP: 6/6
  2570 | D:4      | Found an ancient bone altar of Kikubaaqudgha.
  2632 | D:4      | Noticed Edmund
  2662 | D:4      | Killed Edmund
  2662 | D:4      | Reached skill level 1 in Long Blades
  2662 | D:4      | Reached skill level 1 in Stealth
  2937 | D:4      | Noticed Sanvar's ghost (amateur HaHu)
  2955 | D:4      | Killed Sanvar's ghost
  2955 | D:4      | Reached skill level 5 in Maces & Flails
  2955 | D:4      | Reached XP level 7. HP: 42/44 MP: 7/7
  3281 | D:5      | Entered Level 5 of the Dungeon
  3364 | D:5      | Noticed Ge0ff's ghost (novice HEAM)
  3413 | D:5      | Killed Ge0ff's ghost
  3413 | D:5      | Reached skill level 5 in Fighting
  3413 | D:5      | Reached skill level 6 in Maces & Flails
  3413 | D:5      | Reached XP level 8. HP: 44/49 MP: 8/8
  3497 | D:5      | Reached **** piety under Trog
  3619 | D:5      | Found a sacrificial altar of Ru.
  3636 | D:5      | Found Hamnesmi's Jewellery Shop.
  3988 | D:6      | Reached skill level 7 in Maces & Flails
  4019 | D:6      | Reached skill level 5 in Armour
  4110 | D:6      | Found a staircase to the Ecumenical Temple.
  4146 | D:6      | Found an iron altar of Okawaru.
  4222 | D:6      | Reached skill level 8 in Maces & Flails
  4222 | D:6      | Reached XP level 9. HP: 55/55 MP: 9/9
  4456 | D:6      | Reached skill level 9 in Maces & Flails
  4491 | D:6      | Noticed Agorwal's ghost (novice MiCK)
  4512 | D:6      | Killed Agorwal's ghost
  4513 | D:6      | Found an iron altar of Okawaru.
  4625 | D:7      | Reached ***** piety under Trog
  4961 | D:7      | Reached skill level 10 in Maces & Flails
  5321 | D:7      | Reached XP level 10. HP: 63/63 MP: 1/10
  5409 | D:7      | Identified a scroll of acquirement
  5542 | D:7      | Noticed Duvessa
  5544 | D:7      | Found a deep blue altar of Sif Muna.
  5551 | D:7      | Killed Duvessa
  5553 | D:7      | Noticed Dowan
  5586 | D:7      | HP: 1/63 [Dowan/shard of ice (13)]
  5985 | D:7      | Killed Dowan
  6449 | D:8      | Reached skill level 11 in Maces & Flails
  6722 | D:8      | Received a gift from Trog
  7025 | D:9      | Found a shadowy altar of Dithmenos.
  7361 | D:9      | Reached skill level 1 in Polearms
  7375 | D:9      | Found a staircase to the Orcish Mines.
  7892 | D:9      | Reached XP level 11. HP: 26/69 MP: 11/11
  8040 | D:10     | Entered Level 10 of the Dungeon
  8142 | D:10     | Found a staircase to the Lair.
  8162 | D:10     | Reached skill level 12 in Maces & Flails
  8769 | D:10     | Reached ****** piety under Trog
  8983 | Lair:1   | Entered Level 1 of the Lair of Beasts
  9038 | Lair:1   | Received a gift from Trog
  9957 | Lair:1   | Reached skill level 13 in Maces & Flails
 10363 | Lair:2   | Found a staircase to the Shoals.
 10391 | Lair:2   | Found a hole to the Spider Nest.
 10524 | Lair:2   | Noticed a five-headed hydra
 10543 | Lair:2   | Killed a five-headed hydra
 10543 | Lair:2   | Reached XP level 12. HP: 53/77 MP: 12/12
 10659 | Lair:2   | Noticed a death yak
 10660 | Lair:2   | Noticed a death yak
 10661 | Lair:2   | Noticed a death yak
 10694 | Lair:2   | Killed a death yak
 10694 | Lair:2   | Reached skill level 10 in Fighting
 10695 | Lair:2   | Noticed a death yak
 10695 | Lair:2   | Noticed a death yak
 10697 | Lair:2   | Noticed a death yak
 10704 | Lair:2   | Killed a death yak
 10712 | Lair:2   | Killed a death yak
 10712 | Lair:2   | Reached skill level 10 in Armour
 10716 | Lair:2   | Killed a death yak
 10728 | Lair:2   | Killed a death yak
 10730 | Lair:2   | Killed a death yak
 11402 | Lair:3   | Reached skill level 14 in Maces & Flails
 11424 | Lair:3   | Found a labyrinth entrance.
 11434 | Lab      | Entered a labyrinth
 12113 | Lab      | Noticed a minotaur
 12120 | Lab      | Killed a minotaur
 12133 | Lab      | Got a twisted scale mail
 12145 | Lair:3   | Identified the +2 scale mail "Gyeca" {rC++ Int+3} (You found it in a labyrinth)
 12410 | Lair:3   | Reached XP level 13. HP: 84/84 MP: 13/13
 13362 | Lair:4   | Got an iridescent long sword
 13363 | Lair:4   | Identified the cursed +2 long sword of the Wheel {antimagic, Str+3} (You found it on level 4 of the Lair of Beasts)
 14169 | Lair:5   | Found a staircase to the Slime Pits.
 14667 | Lair:6   | Entered Level 6 of the Lair of Beasts
 14700 | Lair:6   | Reached skill level 15 in Maces & Flails
 15189 | Lair:6   | Gained mutation: Your large and strong wings let you fly indefinitely. [Gargoyle growth]
 15189 | Lair:6   | Reached XP level 14. HP: 81/92 MP: 14/14
 15568 | Lair:6   | Gained mutation: Your spells are a little harder to cast, but a little more powerful. [potion of mutation]
 15568 | Lair:6   | Gained mutation: You have a pair of small antennae on your head. [potion of mutation]
 15568 | Lair:6   | Gained mutation: You are clumsy. (Dex -2) [potion of mutation]
 15569 | Lair:6   | Gained mutation: Your muscles are strong. (Str +2) [potion of mutation]
 15569 | Lair:6   | Lost mutation: You are clumsy. (Dex -2) [potion of mutation]
 15569 | Lair:6   | Gained mutation: You have a beak for a mouth. [potion of mutation]
 15734 | Lair:6   | Reached skill level 1 in Throwing
 15734 | Lair:6   | Reached skill level 1 in Unarmed Combat
 15734 | Lair:6   | Reached skill level 1 in Spellcasting
 15734 | Lair:6   | Reached skill level 1 in Evocations
 15734 | Lair:6   | Reached XP level 15. HP: 94/99 MP: 14/16
 15845 | Lair:6   | Found a burning altar of Makhleb.
 16106 | Lair:6   | Noticed DasRunzen's ghost (journeyman DgWn)
 16147 | Lair:6   | Killed DasRunzen's ghost
 16683 | Lair:6   | Found a gateway to Hell.
 16935 | Orc:1    | Entered Level 1 of the Orcish Mines
 16957 | Orc:1    | Received a gift from Trog
 17128 | Orc:2    | Entered Level 2 of the Orcish Mines
 17131 | Orc:2    | Found a roughly hewn altar of Beogh.
 17464 | Orc:2    | Found a staircase to the Elven Halls.
 17464 | Orc:2    | Noticed Snorg
 17470 | Orc:2    | Killed Snorg
 17663 | Orc:2    | Slain by an orc warrior

Skill      XL: |  1  2  3  4  5  6  7  8  9 10 11 12 13 14 15 |
---------------+----------------------------------------------+-----
Fighting       | 4 5 6 7 8 9 11 12 13 14 | 14.0
Maces & Flails | 4 5 6 8 10 11 13 14 15 | 15.9
Dodging        | 2 3 4 |  4.9
Long Blades    | 1 |  1.4
Armour         | 3 4 5 6 7 9 10 12 13 14 | 14.1
Stealth        | 1 2 3 |  3.1
Shields        | 2 |  2.1
Polearms       | 2 3 |  3.5
Throwing       | 1 |  1.1
Unarmed Combat | 1 |  1.5
Spellcasting   | 1 |  1.1
Evocations     | 1 |  1.1

Action                   |  1- 3 |  4- 6 |  7- 9 | 10-12 | 13-15 || total
-------------------------+-------+-------+-------+-------+-------++-------
Melee: Mace              |    75 |   229 |       |       |       ||   304
       Long sword        |       |    93 |       |       |       ||    93
       Dire flail        |       |    24 |   273 |   676 |   669 ||  1642
       Morningstar       |       |       |       |    68 |       ||    68
       Halberd           |       |       |       |    54 |       ||    54
       Unarmed           |       |       |       |    14 |       ||    14
       Glaive            |       |       |       |    17 |       ||    17
       Peck              |       |       |       |       |    58 ||    58
Invok: Berserk           |     1 |       |       |     3 |     2 ||     6
       Burn Spellbooks   |       |       |       |     1 |       ||     1
       Brothers in Arms  |       |       |       |     4 |    14 ||    18
  Use: Potion            |     1 |     1 |       |     3 |     8 ||    13
       Scroll            |       |     8 |     1 |    25 |    11 ||    45
 Stab: Invisible         |       |       |       |       |     3 ||     3
  Eat: Bread ration      |       |     1 |       |     1 |     1 ||     3
       Fruit             |       |     3 |       |    26 |    22 ||    51
       Beef jerky        |       |     1 |     2 |     2 |     1 ||     6
       Royal jelly       |       |     1 |     1 |       |       ||     2
       Pizza             |       |       |     2 |     1 |     1 ||     4
       Meat ration       |       |       |       |     1 |       ||     1
Armor: Animal skin       |    32 |     4 |       |       |       ||    36
       Scale mail        |       |   111 |    31 |       |       ||   142
       Ring mail         |       |    75 |       |       |       ||    75
       Chain mail        |       |       |   149 |   220 |       ||   369
       Plate armour      |       |       |       |   396 |   459 ||   855
Dodge: Dodged            |    75 |   148 |   113 |   398 |   258 ||   992
Block: Shield            |       |   135 |       |       |       ||   135
       Rpst.: Long sword |       |     8 |       |       |       ||     8
